 Dungeon Crawl Stone Soup version 0.29.1-1-gd02db6906a (webtiles) character file.

Game seed: 12922069420008674420

3 fireball365 the Digger (level 1, -2/14 HPs)
             Began as a Demigod Earth Elementalist on Oct 5, 2022.
             Slain by a quokka (4 damage)
             ... on level 1 of the Dungeon.
             The game lasted 00:00:42 (113 turns).

fireball365 the Digger (Demigod Earth Elementalist)  Turns: 113, Time: 00:00:42

Health: -2/14      AC:  2    Str:  9    XL:     1   Next: 33%
Magic:  0/5        EV: 12    Int: 17    God:
Gold:   0          SH:  0    Dex: 14    Spells: 2/3 levels left

rFire   . . .      SeeInvis .   d - +0 mace
rCold   . . .      Faith    .   (no shield)
rNeg    . . .      Spirit   .   a - +0 robe
rPois   .          Reflect  .   (no helmet)
rElec   .          Harm     .   (no cloak)
rCorr   .          Rampage  .   (no gloves)
Will    .....                   (no boots)
Stlth   ++........              (no amulet)
HPRegen 0.04/turn               (no ring)
MPRegen 0.09/turn               (no ring)

@: no status effects
A: high MP 1, forlorn, divine attributes
a: no special abilities


You were on level 1 of the Dungeon.
You visited 1 branch of the dungeon, and saw 1 of its levels.

Inventory:

Hand Weapons
 d - a +0 mace (weapon)
Armour
 a - a +0 robe (worn)
Scrolls
 c - a scroll of teleportation {unknown}
Potions
 b - a potion of magic


   Skills:
 + Level 1.9 Dodging
 + Level 1.8 Stealth
 + Level 1.7 Spellcasting
 + Level 0.8 Transmutations
 + Level 2.8 Earth Magic


You had 2 spell levels left.
You knew the following spells:

 Your Spells              Type           Power      Damage    Failure   Level
a - Sandblast             Erth           22%        2d7       6%          1

Your spell library contained the following spells:

 Spells                   Type           Power      Damage    Failure   Level
 Passwall                 Tmut/Erth      5%         N/A       14%         2
 Stone Arrow              Conj/Erth      12%        3d7       32%         3
 Petrify                  Tmut/Erth      7%         N/A       67%         4


Dungeon Overview and Level Annotations

Branches:
Dungeon (1/15)


Innate Abilities, Weirdness & Mutations

You have an increased reservoir of magic. (+10% MP)
You shall have no god before yourself.
Your divine heritage dramatically boosts your attributes as you level up.


Message History

The bat attacks as you move away! The bat closely misses you.
The bat hits you but does no damage. The bat completely misses you.
The bat attacks as you move away! The bat closely misses you.
The bat hits you but does no damage. The bat attacks as you move away!
The bat barely misses you. x2
There is a stone staircase leading down here.
The blast of sand hits the bat.
You kill the bat!
Your magical contamination has completely faded away.
You see here a +0 mace.
d - a +0 mace
d - a +0 mace (weapon)
A quokka and a giant cockroach come into view.
You see here a scroll labelled OWKEQO UF JUI.
The blast of sand hits the quokka but does no damage.
You are out of magic!
You are out of magic!
You see here a scroll labelled OWKEQO UF JUI.
The quokka attacks as you move away!
The quokka bites you but does no damage.
The quokka attacks as you move away! The quokka barely misses you.
Found a scale mail.
Found a leather armour.
The quokka attacks as you move away! The quokka barely misses you.
The quokka closely misses you. The quokka attacks as you move away!
The quokka barely misses you. The quokka attacks as you move away!
The quokka bites you. x2
The blast of sand hits the quokka.
The quokka is moderately wounded.
The quokka bites you.
* * * LOW HITPOINT WARNING * * *
You are too injured to fight recklessly!
You closely miss the quokka.
The quokka is moderately wounded.
The quokka barely misses you. The quokka bites you.
* * * LOW HITPOINT WARNING * * *
You miss the quokka.
The quokka is lightly wounded.
The quokka barely misses you. The quokka bites you.
You die...

........................>.#
######.##.........######†.#
.. #.##.........######..#
#.# .....................#
#.# #####.........######..#
# # #.........# ...# #
#.........# ##.# #
#.......r.# .# # .[.....@.#
# ##[#####.# # #. ... # #
.### # .. # .# # .# # ..


You could see a quokka.

Vanquished Creatures
  An endoplasm (D:1)
  2 bats (D:1)
3 creatures vanquished.

Notes
Turn   | Place    | Note
-------+----------+-------------------------------------------
     0 | D:1      | fireball365 the Demigod Earth Elementalist began the quest
                  | for the Orb.
     0 | D:1      | Reached XP level 1. HP: 14/14 MP: 5/5
   113 | D:1      | Slain by a quokka

Illustrated notes

Levels and vault maps discovered:
D:1:      mainiacjoe_arrival_reflecting_pool, layout_basic,
          ebering_ecumenical_altar_abandoned, minivault_26,
          hangedman_decor_diamond_cutter

Action                   || total
-------------------------++-------
Melee: Mace              ||     2
       Unarmed           ||     2
 Cast: Sandblast         ||     7
Armor: Robe              ||     7
Dodge: Dodged            ||    20
